TOP OF THE 1ST |
Tacoma Fur Traders batting - Pitching for Virginia Beach Whales : RHP Clyde Sparks
|
Pitching: RHP Clyde Sparks
|
|
Batting: RHB Axel Chicote
|
0-0: Ball 1-0: SINGLE (Groundball, 6MD, EV 106.2 MPH)
|
Batting: LHB Bari bin Sayyid
|
0-0: Ball 1-0: Called Strike 1-1: Ball 2-1: Fly out, F8 (Flyball, 8RD, EV 93.1 MPH)
|
Batting: SHB Nathan Polkinghorne
|
0-0: Ball 1-0: Foul Ball, location: 2F 1-1: Foul Ball, location: 2F 1-2: Strikes out looking
|
Batting: LHB Hori Ikenaki
|
0-0: Called Strike 0-1: Ball 1-1: Ball 2-1: Called Strike 2-2: Strikes out swinging
|
Top of the 1st over - 0 runs, 1 hit, 0 errors, 1 left on base; Tacoma 0 - Virginia Beach 0 |
BOTTOM OF THE 1ST |
Virginia Beach Whales batting - Pitching for Tacoma Fur Traders : LHP Félix Benítez
|
Pitching: LHP Félix Benítez
|
|
Batting: RHB Daniel MacKinder
|
0-0: Called Strike 0-1: Ball 1-1: Called Strike 1-2: Ball 2-2: Fly out, F8 (Flyball, 8LM, EV 93.8 MPH)
|
Batting: RHB Nick Harper
|
0-0: Foul Ball, location: 2F 0-1: Ball 1-1: Ball 2-1: SINGLE (Groundball, 6MD, EV 95.6 MPH)
|
Batting: RHB Óscar Cardozo
|
0-0: Foul Ball, location: 2F 0-1: Ball 1-1: Fly out, F9 (Flyball, 89M, EV 87.5 MPH)
|
Batting: RHB Todd Walker
|
0-0: Fly out, F3 (Line Drive, 3, EV 66.2 MPH)
|
Bottom of the 1st over - 0 runs, 1 hit, 0 errors, 1 left on base; Tacoma 0 - Virginia Beach 0 |
TOP OF THE 2ND |
Tacoma Fur Traders batting - Pitching for Virginia Beach Whales : RHP Clyde Sparks
|
Batting: LHB Cho-yun Yip
|
0-0: Foul Ball, location: 2F 0-1: Ball 1-1: SINGLE (Line Drive, 89S, EV 105.6 MPH)
|
Batting: RHB Terry Boyle
|
0-0: Ball 1-0: Ball 2-0: Swinging Strike 2-1: Grounds into double play, 4-6-3 (Groundball, 4, EV 85.0 MPH)
|
Batting: LHB Sherman Hoffman
|
0-0: Ball 1-0: Ball 2-0: Called Strike 2-1: Ground out 4-3 (Groundball, 4, EV 86.2 MPH)
|
Top of the 2nd over - 0 runs, 1 hit, 0 errors, 0 left on base; Tacoma 0 - Virginia Beach 0 |
BOTTOM OF THE 2ND |
Virginia Beach Whales batting - Pitching for Tacoma Fur Traders : LHP Félix Benítez
|
Batting: RHB Paul Pitts
|
0-0: Ball 1-0: Ball 2-0: Foul Ball, location: 2F 2-1: Ball 3-1: Foul Ball, location: 2F 3-2: Foul Ball, location: 2F 3-2: Reached via error on a dropped throw from SS, E3 (Groundball, 6, EV 81.9 MPH)
|
Batting: LHB Asberry Harpending
|
0-0: Ball 1-0: Called Strike 1-1: Ball Paul Pitts is caught stealing 2nd base 2-6 2-1: Foul Ball, location: 2F 2-2: SINGLE (Groundball, 6D, EV 100.0 MPH)
|
Batting: RHB Jessie Gibbs
|
0-0: Called Strike 0-1: Ball 1-1: Ball 2-1: Foul Ball, location: 2F 2-2: Ball 3-2: Grounds into double play, 6-4-3 (Groundball, 6, EV 106.2 MPH)
|
Bottom of the 2nd over - 0 runs, 1 hit, 1 error, 0 left on base; Tacoma 0 - Virginia Beach 0 |
TOP OF THE 3RD |
Tacoma Fur Traders batting - Pitching for Virginia Beach Whales : RHP Clyde Sparks
|
Batting: RHB Jeroen Penning
|
0-0: Ball 1-0: Ball 2-0: SINGLE (Line Drive, 6MD, EV 99.4 MPH)
|
Pitching: RHP Eliseo Fontirroig
|
|
Batting: SHB Toshiyuki Gato
|
0-0: Foul Ball, location: 2F 0-1: Foul Ball, location: 2F 0-2: Fly out, F7 (Flyball, 7, EV 88.1 MPH)
|
Batting: RHB Axel Chicote
|
0-0: Ball Jeroen Penning is caught stealing 2nd base 2-4 1-0: Swinging Strike 1-1: Ball 2-1: Fly out, F7 (Flyball, 78S, EV 91.9 MPH)
|
Top of the 3rd over - 0 runs, 1 hit, 0 errors, 0 left on base; Tacoma 0 - Virginia Beach 0 |
BOTTOM OF THE 3RD |
Virginia Beach Whales batting - Pitching for Tacoma Fur Traders : LHP Félix Benítez
|
Batting: LHB Henry Head
|
0-0: Ball 1-0: Ball 2-0: Called Strike 2-1: SINGLE (Groundball, 34D, EV 96.2 MPH)
|
Batting: RHB Dan Pike
|
0-0: Ball 1-0: Foul Ball, location: 2F 1-1: Swinging Strike 1-2: Ball 2-2: Strikes out looking
|
Batting: RHB Daniel MacKinder
|
0-0: Ball 1-0: Grounds into double play, 4-6-3 (Groundball, 4, EV 75.6 MPH)
|
Bottom of the 3rd over - 0 runs, 1 hit, 0 errors, 0 left on base; Tacoma 0 - Virginia Beach 0 |
TOP OF THE 4TH |
Tacoma Fur Traders batting - Pitching for Virginia Beach Whales : RHP Eliseo Fontirroig
|
Batting: LHB Bari bin Sayyid
|
0-0: Ball 1-0: Ball 2-0: Called Strike 2-1: Foul Ball, location: 2F 2-2: Fly out, F8 (Flyball, 78M, EV 87.5 MPH)
|
Batting: SHB Nathan Polkinghorne
|
0-0: Swinging Strike 0-1: Ball 1-1: Swinging Strike 1-2: Ball 2-2: Ball 3-2: SINGLE (Line Drive, 56D, EV 104.4 MPH)
|
Batting: LHB Hori Ikenaki
|
0-0: SINGLE (Line Drive, 6D, EV 107.5 MPH) Nathan Polkinghorne to second
|
Batting: LHB Cho-yun Yip
|
0-0: Ball 1-0: Foul Ball, location: 2F 1-1: Foul Ball, location: 2F 1-2: Ball 2-2: Strikes out swinging
|
Batting: RHB Terry Boyle
|
0-0: Called Strike 0-1: Ball 1-1: Ball 2-1: Swinging Strike 2-2: Strikes out looking
|
Top of the 4th over - 0 runs, 2 hits, 0 errors, 2 left on base; Tacoma 0 - Virginia Beach 0 |
BOTTOM OF THE 4TH |
Virginia Beach Whales batting - Pitching for Tacoma Fur Traders : LHP Félix Benítez
|
Batting: RHB Nick Harper
|
0-0: Called Strike 0-1: Called Strike 0-2: Foul Ball, location: 2F 0-2: Ground out 5-3 (Groundball, 56S, EV 83.1 MPH)
|
Batting: RHB Óscar Cardozo
|
0-0: Ball 1-0: Ball 2-0: Ball 3-0: Base on Balls
|
Batting: RHB Todd Walker
|
0-0: Ball 1-0: Swinging Strike 1-1: Foul Ball, location: 2F 1-2: Strikes out swinging
|
Batting: RHB Paul Pitts
|
0-0: Ball 1-0: TRIPLE (Flyball, 89XD, EV 96.2 MPH) Óscar Cardozo scores
|
Batting: LHB Asberry Harpending
|
0-0: Called Strike 0-1: Foul Ball, location: 2F 0-2: Fly out, F8 (Flyball, 8LM, EV 86.9 MPH)
|
Bottom of the 4th over - 1 run, 1 hit, 0 errors, 1 left on base; Tacoma 0 - Virginia Beach 1 |
TOP OF THE 5TH |
Tacoma Fur Traders batting - Pitching for Virginia Beach Whales : RHP Eliseo Fontirroig
|
Batting: LHB Sherman Hoffman
|
0-0: Called Strike 0-1: Foul Ball, location: 2F 0-2: Ball 1-2: Ball 2-2: Strikes out swinging
|
Batting: RHB Jeroen Penning
|
0-0: Called Strike 0-1: Ground out 5-3 (Groundball, 56, EV 78.8 MPH)
|
Batting: SHB Toshiyuki Gato
|
0-0: Ball 1-0: Ball 2-0: Ground out 5-3 (Groundball, 56S, EV 88.8 MPH)
|
Top of the 5th over - 0 runs, 0 hits, 0 errors, 0 left on base; Tacoma 0 - Virginia Beach 1 |
BOTTOM OF THE 5TH |
Virginia Beach Whales batting - Pitching for Tacoma Fur Traders : LHP Félix Benítez
|
Batting: RHB Jessie Gibbs
|
0-0: Swinging Strike 0-1: Ground out 6-3 (Groundball, 6M, EV 103.1 MPH)
|
Batting: LHB Henry Head
|
0-0: Ball 1-0: SINGLE (Groundball, 34D, EV 100.6 MPH)
|
Batting: RHB Dan Pike
|
0-0: Fly out, F8 (Line Drive, 8RM, EV 95.0 MPH)
|
Batting: RHB Daniel MacKinder
|
0-0: Ball 1-0: Called Strike 1-1: Foul Ball, location: 2F 1-2: Ball 2-2: Fly out, F8 (Flyball, 8RS, EV 84.4 MPH)
|
Bottom of the 5th over - 0 runs, 1 hit, 0 errors, 1 left on base; Tacoma 0 - Virginia Beach 1 |
TOP OF THE 6TH |
Tacoma Fur Traders batting - Pitching for Virginia Beach Whales : RHP Eliseo Fontirroig
|
Batting: RHB Axel Chicote
|
0-0: Ball 1-0: Ground out 6-3 (Groundball, 6, EV 82.5 MPH)
|
Batting: LHB Bari bin Sayyid
|
0-0: Ball 1-0: Foul Ball, location: 2F 1-1: Foul Ball, location: 2F 1-2: Foul Ball, location: 2F 1-2: Foul Ball, location: 2F 1-2: Ball 2-2: Fly out, F5 (Popup, 56S, EV 90.6 MPH)
|
Batting: SHB Nathan Polkinghorne
|
0-0: Ball 1-0: Fly out, F6 (Line Drive, 6, EV 68.8 MPH)
|
Top of the 6th over - 0 runs, 0 hits, 0 errors, 0 left on base; Tacoma 0 - Virginia Beach 1 |
BOTTOM OF THE 6TH |
Virginia Beach Whales batting - Pitching for Tacoma Fur Traders : LHP Félix Benítez
|
Batting: RHB Nick Harper
|
0-0: DOUBLE (Flyball, 89D, EV 94.4 MPH)
|
Batting: RHB Óscar Cardozo
|
0-0: Called Strike 0-1: Called Strike 0-2: Ball 1-2: Strikes out swinging
|
Batting: RHB Todd Walker
|
0-0: Called Strike 0-1: Ball 1-1: Ball 2-1: Called Strike 2-2: Foul Ball, location: 2F 2-2: Ball 3-2: Strikes out looking
|
Batting: RHB Paul Pitts
|
0-0: Called Strike 0-1: Called Strike 0-2: Ball 1-2: Ball 2-2: Ball 3-2: Ground out U3 (Groundball, 34, EV 88.1 MPH)
|
Bottom of the 6th over - 0 runs, 1 hit, 0 errors, 1 left on base; Tacoma 0 - Virginia Beach 1 |
TOP OF THE 7TH |
Tacoma Fur Traders batting - Pitching for Virginia Beach Whales : RHP Eliseo Fontirroig
|
Batting: LHB Hori Ikenaki
|
0-0: Ball 1-0: Ball 2-0: SINGLE (Line Drive, 89S, EV 100.0 MPH)
|
Pitching: LHP Calvin Blackburn
|
|
Batting: LHB Cho-yun Yip
|
0-0: Foul Ball, location: 2F 0-1: Ball 1-1: Ball 2-1: Foul Ball, location: 2F 2-2: Strikes out swinging
|
Batting: RHB Terry Boyle
|
0-0: Ball 1-0: Ball 2-0: Ball 3-0: Base on Balls Hori Ikenaki to second
|
Batting: LHB Sherman Hoffman
|
0-0: SINGLE (Groundball, 4MD, EV 103.1 MPH) Hori Ikenaki to third Terry Boyle to second
|
Batting: RHB Jeroen Penning
|
0-0: Ball 1-0: Called Strike 1-1: Ball 2-1: Foul Ball, location: 2F 2-2: SINGLE (Line Drive, 6, EV 64.4 MPH) (infield hit) Hori Ikenaki scores Terry Boyle to third Sherman Hoffman to second
|
Batting: SHB Toshiyuki Gato
|
0-0: Foul Ball, location: 2F 0-1: DOUBLE (Flyball, 78D, EV 91.2 MPH) Terry Boyle scores Sherman Hoffman scores Jeroen Penning to third
|
Batting: RHB Axel Chicote
|
0-0: Ball 1-0: Ball 2-0: Called Strike 2-1: Foul Ball, location: 2F 2-2: Foul Ball, location: 2F 2-2: Ball 3-2: Base on Balls
|
Pitching: RHP Patrick Le Gall
|
|
Batting: LHB Bari bin Sayyid
|
0-0: Swinging Strike 0-1: Called Strike 0-2: Ball 1-2: Foul Ball, location: 2F 1-2: Strikes out swinging
|
Batting: SHB Nathan Polkinghorne
|
0-0: Ball 1-0: Ball 2-0: Swinging Strike 2-1: Ball 3-1: Base on Balls Jeroen Penning scores Toshiyuki Gato to third Axel Chicote to second
|
Batting: LHB Hori Ikenaki
|
0-0: SINGLE (Flyball, 9LS, EV 86.2 MPH) Toshiyuki Gato scores Axel Chicote to third Nathan Polkinghorne to second
|
Batting: LHB Cho-yun Yip
|
0-0: Swinging Strike 0-1: Called Strike 0-2: Foul Ball, location: 2F 0-2: Ball 1-2: Ball 2-2: Ball 3-2: Strikes out swinging
|
Top of the 7th over - 5 runs, 5 hits, 0 errors, 3 left on base; Tacoma 5 - Virginia Beach 1 |
BOTTOM OF THE 7TH |
Virginia Beach Whales batting - Pitching for Tacoma Fur Traders : LHP Félix Benítez
|
Batting: LHB Asberry Harpending
|
0-0: Fly out, F8 (Flyball, 8RM, EV 88.8 MPH)
|
Batting: RHB Jessie Gibbs
|
0-0: Ground out 6-3 (Groundball, 6MD, EV 102.5 MPH)
|
Batting: LHB Henry Head
|
0-0: Called Strike 0-1: Ground out U3 (Groundball, 34, EV 108.8 MPH)
|
Bottom of the 7th over - 0 runs, 0 hits, 0 errors, 0 left on base; Tacoma 5 - Virginia Beach 1 |
TOP OF THE 8TH |
Tacoma Fur Traders batting - Pitching for Virginia Beach Whales : RHP Patrick Le Gall
|
Batting: RHB Terry Boyle
|
0-0: Called Strike 0-1: Swinging Strike 0-2: Strikes out looking
|
Batting: LHB Sherman Hoffman
|
0-0: Called Strike 0-1: Ball 1-1: Called Strike 1-2: Foul Ball, location: 2F 1-2: Strikes out looking
|
Batting: RHB Jeroen Penning
|
0-0: Hit by Pitch
|
Batting: SHB Toshiyuki Gato
|
0-0: Ball 1-0: Ball Pickoff Throw by Catcher to First - Error! E2 Jeroen Penning to second 2-0: Ball 3-0: Base on Balls
|
Batting: RHB Axel Chicote
|
0-0: Called Strike 0-1: Foul Ball, location: 2F 0-2: Ball 1-2: Strikes out swinging
|
Top of the 8th over - 0 runs, 0 hits, 1 error, 2 left on base; Tacoma 5 - Virginia Beach 1 |
BOTTOM OF THE 8TH |
Virginia Beach Whales batting - Pitching for Tacoma Fur Traders : LHP Félix Benítez
|
Batting: RHB Dan Pike
|
0-0: Fly out, F8 (Line Drive, 8RD, EV 98.8 MPH)
|
Batting: RHB Daniel MacKinder
|
0-0: Ball 1-0: Swinging Strike 1-1: Ground out 1-3 (Groundball, 15S, EV 71.9 MPH)
|
Batting: RHB Nick Harper
|
0-0: Ball 1-0: Fly out, F7 (Flyball, 7D, EV 89.4 MPH)
|
Bottom of the 8th over - 0 runs, 0 hits, 0 errors, 0 left on base; Tacoma 5 - Virginia Beach 1 |
TOP OF THE 9TH |
Tacoma Fur Traders batting - Pitching for Virginia Beach Whales : RHP Patrick Le Gall
|
Batting: LHB Bari bin Sayyid
|
0-0: Ball 1-0: Ball 2-0: Ball 3-0: Called Strike 3-1: Base on Balls
|
Pitching: RHP Josh Caldwell
|
|
Batting: SHB Nathan Polkinghorne
|
0-0: Called Strike Bari bin Sayyid is caught stealing 2nd base 2-6 0-1: Ball 1-1: Ball 2-1: Fly out, F7 (Flyball, 7, EV 84.4 MPH)
|
Batting: LHB Hori Ikenaki
|
0-0: Called Strike 0-1: Swinging Strike 0-2: SOLO HOME RUN (Flyball, 9LD, EV 106.2 MPH), Distance : 351 ft
|
Batting: LHB Cho-yun Yip
|
0-0: Foul Ball, location: 2F 0-1: Ball 1-1: Foul Ball, location: 2F 1-2: Fly out, F9 (Flyball, 9S, EV 93.1 MPH)
|
Top of the 9th over - 1 run, 1 hit, 0 errors, 0 left on base; Tacoma 6 - Virginia Beach 1 |
BOTTOM OF THE 9TH |
Virginia Beach Whales batting - Pitching for Tacoma Fur Traders : LHP Félix Benítez
|
Batting: RHB Óscar Cardozo
|
0-0: Foul Ball, location: 2F 0-1: Swinging Strike 0-2: Ball 1-2: SOLO HOME RUN (Flyball, 7D, EV 94.4 MPH), Distance : 406 ft
|
Batting: RHB Todd Walker
|
0-0: Ball 1-0: Ground out 1-3 (Groundball, 13S, EV 68.1 MPH)
|
Batting: RHB Paul Pitts
|
0-0: Ball 1-0: Foul Ball, location: 2F 1-1: Swinging Strike 1-2: Foul Ball, location: 2F 1-2: Fly out, F9 (Flyball, 9S, EV 88.8 MPH)
|
Pitching: RHP Luke Fitzgerald
|
|
Batting: LHB Asberry Harpending
|
0-0: Ball 1-0: Swinging Strike 1-1: Called Strike 1-2: Strikes out looking
|
Bottom of the 9th over - 1 run, 1 hit, 0 errors, 0 left on base; Tacoma 6 - Virginia Beach 2 |
|